 Dungeon Crawl Stone Soup version 0.29-a0-330-g52719c12eb (webtiles) character file.

Game seed: 17252981750983870376

32 HoaS the Bolt Thrower (level 3, -7/21 HPs)
             Began as a Kobold Hunter on May 21, 2022.
             Mangled by Sigmund
             ... wielding a +3 scythe of venom
              (13 damage)
             ... on level 2 of the Dungeon.
             The game lasted 00:02:05 (1763 turns).

HoaS the Bolt Thrower (Kobold Hunter)               Turns: 1763, Time: 00:02:06

Health: -7/21      AC:  3    Str:  8    XL:     3   Next: 42%
Magic:  3/3        EV: 14    Int: 10    God:
Gold:   30         SH:  0    Dex: 20    Spells: 2/2 levels left

rFire   . . .      SeeInvis .   a - +1 hand crossbow
rCold   . . .      Faith    .   (no shield)
rNeg    . . .      Spirit   .   b - +0 leather armour
rPois   .          Reflect  .   (no helmet)
rElec   .          Harm     .   (no cloak)
rCorr   .          Rampage  .   (no gloves)
Will    .....                   (no boots)
Stlth   +++.......              (no amulet)
HPRegen 0.07/turn               (no ring)
MPRegen 0.08/turn               (no ring)

@: lethally poisoned (-7 -> -22)
A: small, no large weapons, nightstalker 3
a: no special abilities


You were on level 2 of the Dungeon.
You visited 1 branch of the dungeon, and saw 2 of its levels.

You collected 30 gold pieces.

Inventory:

Hand Weapons
 a - a +1 hand crossbow (weapon)
Armour
 b - a +0 leather armour (worn)
Scrolls
 c - 2 scrolls of immolation
 d - a scroll of teleportation {unknown}
 f - a scroll of vulnerability {unknown}
 h - 2 scrolls of blinking {unknown}
 i - a scroll of silence {unknown}
Potions
 e - a potion of ambrosia {unknown}
 g - a potion of invisibility {unknown}
 j - a potion of haste {unknown}


   Skills:
 - Level 2.1 Fighting
 + Level 6.7 Crossbows
 - Level 2.4 Dodging
 - Level 1.3 Stealth


You had 2 spell levels left.
You didn't know any spells.
Your spell library contained the following spells:

 Spells                   Type           Power      Damage    Failure   Level
 Slow                     Hex            0%         N/A       50%         1
 Confusing Touch          Hex            0%         N/A       86%         3
 Vampiric Draining        Necr           0%         2d6       86%         3


Dungeon Overview and Level Annotations

Branches:
Dungeon (2/15)

Altars:

Annotations:
D:2 Sigmund


Innate Abilities, Weirdness & Mutations

You are small and have problems with some larger weapons.
You are completely attuned to the shadows.


Message History

Deactivating autopickup; reactivate with Ctrl-A.
There is a stone staircase leading up here.
The frilled lizard misses you.
You climb upwards.
Reactivating autopickup.
There is a stone staircase leading down here.
You shoot a bolt.
The bolt closely misses the frilled lizard.
The frilled lizard misses you.
You shoot a bolt. The bolt hits the frilled lizard!
You kill the frilled lizard!
No target in view!
You start waiting.
Done waiting.
You start waiting.
Done waiting.
You start waiting.
Done waiting.
You start waiting.
Done waiting.
You start waiting.
Done waiting.
You start waiting.
Done waiting.
You start waiting.
Done waiting.
You climb downwards.
Level annotation: Sigmund Sigmund closely misses you.
There is a stone staircase leading up here.
You shoot a bolt. The bolt barely misses Sigmund.
Sigmund barely misses you.
You shoot a bolt. The bolt barely misses Sigmund.
Sigmund hits you with a +3 scythe of venom!
You are lethally poisoned!
You shoot a bolt. The bolt hits Sigmund!
Sigmund is moderately wounded.
You feel very sick.
Sigmund hits you with a +3 scythe of venom!
Ouch! That really hurt!
You die...

.....###.###
...........#
......##.#.#
......##.#.#
......##.#.#
#####.##.#.#####
#.# #.....# #@##
#####{# #.@# #.#
#### #.# #.# #.#
#.# ##+####.#
......#.#
......#.#
...{....#


You could see Sigmund.

Vanquished Creatures
  A dart slug (D:1)
  2 ball pythons (D:1)
  An endoplasm (D:1)
  2 giant cockroaches (D:1)
  7 goblins (D:1)
  2 hobgoblins (D:1)
  A quokka (D:1)
  3 bats (D:1)
  3 frilled lizards (D:1)
  2 kobolds (D:1)
  3 rats (D:1)
27 creatures vanquished.

Notes
Turn   | Place    | Note
-------+----------+-------------------------------------------
     0 | D:1      | HoaS the Kobold Hunter began the quest for the Orb.
     0 | D:1      | Reached XP level 1. HP: 12/12 MP: 1/1
   307 | D:1      | Reached XP level 2. HP: 17/17 MP: 2/2
   322 | D:1      | Reached skill level 6 in Crossbows
   475 | D:1      | Found a faded altar of an unknown god.
   572 | D:1      | Reached XP level 3. HP: 21/21 MP: 3/3
  1022 | D:2      | Noticed Sigmund
  1763 | D:2      | Mangled by Sigmund

Illustrated notes

Levels and vault maps discovered:
D:1:      dpeg_chamrin_arrival_tetris, layout_basic,
          ebering_ecumenical_altar_mist, minmay_tetromino_t2
D:2:      layout_basic, grunt_ministairs_8, uniq_sigmund,
          uniq_crazy_yiuf_cottage

Skill      XL: |  1  2 |
---------------+-------+-----
Crossbows      | 6 |  6.7
Fighting       | |  2.1
Dodging        | |  2.4
Stealth        | |  1.3

Action                   || total
-------------------------++-------
 Fire: Hand crossbow     ||    65
Armor: Leather armour    ||     5
Dodge: Dodged            ||    18

Table legend: (Time is in decaauts)
 A = Elapsed time spent in this place.
 B = Non-inter-level travel time spent in this place.
 C = Inter-level travel time spent in this place.
 D = Time resting spent in this place.
 E = Time spent auto-exploring this place.
 F = Levels seen in this place.
 G = Mean time per level.
                   A        B        C        D        E       F      G
               +--------+--------+--------+--------+--------+-----+--------+
         Total |   1780 |   1742 |     38 |    750 |    824 |   2 |  890.0 |
       Dungeon |   1780 |   1742 |     38 |    750 |    824 |   2 |  890.0 |
               +--------+--------+--------+--------+--------+-----+--------+

Top non-repeatable levels by time:
     D:1: 1705 daAuts
     D:2: 74 daAuts
